 Dungeon Crawl Stone Soup version 0.25-a0-869-g05d4e06a41 (webtiles) character file.

Game seed: 14481658529893292190, levelgen mode: deterministic

24 Maedhros the Sneak (level 3, -1/23 HPs)
             Began as an Octopode Artificer on May 1, 2020.
             Slain by Sigmund
             ... wielding a +0 scythe
              (13 damage)
             ... on level 2 of the Dungeon.
             The game lasted 00:01:25 (380 turns).

Maedhros the Sneak (Octopode Artificer)              Turns: 380, Time: 00:01:25

Health: -1/23      AC:  1    Str: 11    XL:     3   Next: 2%
Magic:  5/5        EV: 13    Int: 13    God:
Gold:   26         SH:  0    Dex: 13    Spells: 2/2 levels left

rFire    . . .     SeeInvis .   j - +0 short sword (drain)
rCold    . . .     Gourm    .   (no shield)
rNeg     . . .     Faith    .   (helmet restricted)
rPois    .         Spirit   .   (no amulet)
rElec    .         Reflect  .   (no ring)
rCorr    .         Harm     .   (no ring)
MR       .....                  (no ring)
Stlth    +++.......             (no ring)
HPRegen  0.07/turn              (no ring)
MPRegen  0.09/turn              (no ring)
                                (no ring)
                                (no ring)

@: mighty, lightly drained
A: almost no armour, stealthy swim, amphibious, 8 rings, constrict 8, camouflage
1, gelatinous body 1
a: no special abilities


You were on level 2 of the Dungeon.
You were not hungry.

You visited 1 branch of the dungeon, and saw 2 of its levels.

You collected 26 gold pieces.

Inventory:

Hand Weapons
 g - a +1 hunting sling of freezing
 j - a +0 short sword of draining (weapon)
Missiles
 i - 25 stones (quivered)
Wands
 b - a wand of flame (13)
 c - a wand of enslavement (15)
 d - a wand of random effects (14)
Potions
 h - a potion of might
Comestibles
 f - 2 rations


   Skills:
 - Level 1.0(0.7) Fighting
 - Level 1.0(0.7) Short Blades
 - Level 2.0(1.7) Dodging
 - Level 4.0(3.6) Stealth
 + Level 0.5(0.2) Unarmed Combat
 - Level 3.2(2.9) Evocations


You had 2 spell levels left.
You didn't know any spells.
Your spell library was empty.

Dungeon Overview and Level Annotations

Branches:
Dungeon (2/15)

Altars:

Annotations:
D:2 Sigmund


Innate Abilities, Weirdness & Mutations

You cannot wear most types of armour.
You are very stealthy in the water. (Stealth+)
You are amphibious.
You can wear up to eight rings at the same time.
You can use your tentacles to constrict eight enemies at once.
Your skin changes colour to match your surroundings (Stealth+).
Your rubbery body absorbs attacks. (AC +1, EV +1)


Message History

The frilled lizard closely misses you.
It was a potion of curing.
You feel better.
Sigmund looks more healthy.
The frilled lizard misses you.
It was a potion of might.
You feel very mighty all of a sudden. The frilled lizard barely misses you.
You hit the frilled lizard.
You kill the frilled lizard!
Sigmund casts a spell at you.
You are confused.
Sigmund barely misses you. Sigmund casts a spell at you.
The puff of flame hits you. Sigmund barely misses you.
You closely miss Sigmund.
Sigmund is heavily wounded.
You feel less confused. Sigmund hits you with a +0 scythe!
Ouch! That really hurt!
You die...

##.# #.l.......#
#.# #......g..#
.#<#####.........##
.................>#
....###.........#.#
.##.# #.......# .#
. #.# #.......###.#
# #.# #...........#
#.# #......#..@.#
#.# #####+##..@.#
#.# #....# .!....#
#......# .........
..#......#.
..#...##.#


You could see Sigmund.

Vanquished Creatures
  An adder (D:2)
  A worm (D:2)
  A goblin (D:1)
  A hobgoblin (D:1)
  2 jackals (D:1)
  3 kobolds (D:1)
  A bat (D:1)
  A frilled lizard (D:2)
  3 rats
14 creatures vanquished.

Notes
Turn   | Place    | Note
-------+----------+-------------------------------------------
     0 | D:1      | Maedhros the Octopode Artificer began the quest for the
                  | Orb.
     0 | D:1      | Reached XP level 1. HP: 13/13 MP: 3/3
    75 | D:1      | Reached skill level 2 in Stealth
   144 | D:1      | Reached XP level 2. HP: 16/18 MP: 4/4
   206 | D:1      | Reached skill level 3 in Stealth
   350 | D:2      | Reached skill level 4 in Stealth
   350 | D:2      | Reached XP level 3. HP: 9/23 MP: 5/5
   366 | D:2      | Noticed Sigmund
   380 | D:2      | Slain by Sigmund

Levels and vault maps discovered:
D:1:      dpeg_arrival_snail, layout_loops_ring
D:2:      layout_basic, first_ration, uniq_natasha, uniq_sigmund

Skill      XL: |  1  2 |
---------------+-------+-----
Stealth        | 2 4 |  4.0
Fighting       | |  1.0
Short Blades   | |  1.0
Dodging        | |  2.0
Unarmed Combat | |  0.5
Evocations     | |  3.2

Action                   || total
-------------------------++-------
Melee: Short sword       ||    27
       Tentacles         ||     4
       Constrict         ||     5
Evoke: Wand              ||     3
  Use: Potion            ||     2
 Stab: Sleeping          ||     3
Armor: Skin              ||     1
Dodge: Dodged            ||    18

Table legend:
 A = Non-vault XP
 B = Vault XP
 C = Vault XP percentage of total XP
 D = Non-vault monster count
 E = Vault monster count
 F = Vault count percentage of total count
                 A         B        C        D         E       F
            +---------+---------+-------+---------+---------+-------
      Total |      35 |       0 |   0.0 |      14 |       0 |   0.0
            +---------+---------+-------+---------+---------+-------
        D:1 |      15 |       0 |   0.0 |      10 |       0 |   0.0
        D:2 |      20 |       0 |   0.0 |       4 |       0 |   0.0
            +---------+---------+-------+---------+---------+-------
